[Event "Team 45 45 League T59"]
[Site "Internet Chess Club"]
[Date "2014.01.16"]
[Round "8"]
[White "rookmaster23"]
[Black "badmove"]
[Result "0-1"]
[WhiteElo "1572"]
[BlackElo "1561"]
[Opening "Ruy Lopez: closed, Chigorin, 12...Nc6"]
[ECO "C98"]
[Time "17:23:28"]
[TimeControl "2700+45"]

1. e4 e5 2. Nf3 Nc6 3. Bb5 a6 4. Ba4 Nf6 5. O-O d6 6. Re1 Be7 7. c3 b5 8. Bb3
O-O 9. h3 Na5 10. Bc2 c5 11. d4 Qc7 12. Nbd2 Nc6 13. d5 Nd8 14. a4 Bb7 15. Nf1
Ne8 16. Ng3 g6 17. Bh6 Ng7 18. Qd2 f6 19. h4 Nf7 20. axb5 axb5 21. Bxg7 Kxg7 22.
h5 Qd7 23. Nh2 Nh6 24. hxg6 hxg6 25. f3 Rh8 26. Ne2 f5 27. exf5 Nxf5 28. Bxf5
Qxf5 29. Ng3 Qf6 30. Rxa8 Bxa8 31. Ne4 Qh4 32. Ng4 Bb7 33. Re2 Ra8 34. Qe1 Qxe1+
35. Rxe1 Bxd5 36. Ngf2 Ra2 37. Re2 Bc4 38. Rd2 d5 39. Ng3 Bg5 40. Rc2 Be3 41.
Kh2 Ra1 42. Ng4 Bf4 43. Kh3 Bd3 44. Rf2 Ra8 45. Kh2 Rh8+ 46. Kg1 Bxg3 {White
resigns} 0-1

[Event "Team 45 45 League T59"]
[Site "Internet Chess Club"]
[Date "2014.01.19"]
[Round "8"]
[White "houseofcook"]
[Black "mongmong"]
[Result "0-1"]
[WhiteElo "1444"]
[BlackElo "1686"]
[Opening "French: advance, Paulsen attack"]
[ECO "C02"]
[Time "05:05:37"]
[TimeControl "2700+45"]

1. e4 e6 2. d4 d5 3. e5 c5 4. c3 Nc6 5. Nf3 Qb6 6. Be2 cxd4 7. cxd4 Nge7 8. Nc3
Nf5 9. Na4 Qd8 10. O-O a6 11. a3 b5 12. Nc3 Be7 13. b4 O-O 14. Bb2 Qb6 15. Na2
Bd7 16. Nc1 Rac8 17. Nb3 Rc7 18. Rc1 a5 19. Bc3 axb4 20. axb4 Nxb4 21. Qd2 Nc6
22. Rc2 b4 23. Ba1 Rfc8 24. Rfc1 Na5 25. Nxa5 Qxa5 26. Rxc7 Rxc7 27. Bb2 Rxc1+
28. Qxc1 Bd8 29. h3 Qc7 30. Qd2 Be7 31. Bd1 Bb5 32. Bb3 Bc4 33. Qc2 Bd8 34. Qd1
Bxb3 35. Qxb3 Be7 36. g4 Nh6 37. Kg2 Qc4 38. Nd2 Qxb3 39. Nxb3 f6 40. Kf3 fxe5
41. dxe5 Nf7 42. Ke3 Nd8 43. Kd3 Nc6 44. f4 Bh4 45. Bc1 Bf2 46. Bb2 Kf7 47. Bc1
Kg6 48. Be3 Bxe3 49. Kxe3 Kf7 50. h4 g6 51. g5 Ne7 52. Kf3 Nf5 53. Kg4 Ne3+ 54.
Kf3 Nc2 55. Ke2 Na3 56. Kd3 Nb5 57. Ke3 Nc3 58. Kd3 Ne4 59. Ke3 Ke7 60. Kd3 Ng3
61. Ke3 Nf5+ 62. Kd3 Nxh4 63. Nd4 Nf5 64. Nc6+ Kf7 65. Nxb4 Ne7 66. Ke2 Ke8 67.
Nd3 Ng8 68. Ke3 h6 69. gxh6 Nxh6 70. Kd4 Ke7 71. Kc5 Nf5 72. Kc6 Nd4+ 73. Kc5
Nf3 74. Kc6 Nd2 75. Kc7 Nb3 76. Kc6 Nd4+ 77. Kc7 Nf3 78. Kc6 g5 79. fxg5 Nxg5
80. Kc7 Kf7 81. Kd6 Ne4+ 82. Kd7 d4 83. Nf4 Nc5+ 84. Kd6 d3 85. Ng2 Ne4+ {White
resigns} 0-1

[Event "Team 45 45 League T59"]
[Site "Internet Chess Club"]
[Date "2014.01.18"]
[Round "8"]
[White "oldsj"]
[Black "seattleblues"]
[Result "1-0"]
[WhiteElo "1616"]
[BlackElo "1507"]
[Opening "Caro-Kann: Panov-Botvinnik attack"]
[ECO "B13"]
[Time "20:00:25"]
[TimeControl "2700+45"]

1. e4 c6 2. d4 d5 3. exd5 cxd5 4. c4 Nf6 5. Nc3 Nc6 6. Nf3 e6 7. c5 Be7 8. a3
Bd7 9. Bd3 b6 10. b4 bxc5 11. dxc5 Qc7 12. O-O Ne5 13. Nxe5 Qxe5 14. Bb2 Rb8 15.
Re1 Qc7 16. Rb1 Bf8 17. h3 Bc6 18. Qe2 Rd8 19. Nb5 Qb7 20. Nd4 Bd7 21. Bb5 Be7
22. Bxd7+ Nxd7 23. c6 Qc7 24. cxd7+ Qxd7 25. Qb5 O-O 26. Qxd7 Rxd7 27. Nf3 Bd6
28. Rbc1 Re8 29. Be5 f6 30. Bxd6 Rxd6 31. Rc7 a6 32. Nd4 e5 33. Nf5 {Black
resigns} 1-0

[Event "Team 45 45 League T59"]
[Site "Internet Chess Club"]
[Date "2014.01.19"]
[Round "8"]
[White "amicusUK"]
[Black "Signalman"]
[Result "1/2-1/2"]
[WhiteElo "1661"]
[BlackElo "1680"]
[Opening "Queen's pawn"]
[ECO "A40"]
[Time "04:33:16"]
[TimeControl "2700+45"]

1. d4 e6 2. Nf3 Nf6 3. c3 d6 4. Bg5 h6 5. Bh4 g5 6. Bg3 Ne4 7. Nbd2 Nxg3 8. hxg3
Bg7 9. e3 Qe7 10. Qc2 Nc6 11. Ne4 f5 12. Ned2 Bd7 13. Nb3 O-O-O 14. Bd3 Kb8 15.
O-O-O Qf7 16. Bb5 a6 17. Be2 Rde8 18. Nfd2 g4 19. Nc4 e5 20. Nca5 Nxa5 21. Nxa5
Qxa2 22. Nb3 Ba4 23. Bc4 b5 24. Bd5 c6 25. Bf7 Ref8 26. Na5 Qxf7 27. b3 Bxb3 28.
Nxb3 exd4 29. cxd4 Rc8 30. Kd2 Qd5 31. Qa2 Rc7 32. Ra1 Ra7 33. Rhg1 c5 34. Na5
Qxa2+ 35. Rxa2 Rc7 36. Nb3 Rd8 37. Rxa6 Ra7 38. Rga1 Rxa6 39. Rxa6 Kb7 40. Ra5
Kb6 41. Ra2 c4 42. Na1 d5 43. Nc2 Bf8 44. Kc3 Rc8 {Game drawn by mutual
agreement} 1/2-1/2

[Event "Team 45 45 League T59"]
[Site "Internet Chess Club"]
[Date "2014.01.19"]
[Round "8"]
[White "rayonline53"]
[Black "losscause"]
[Result "1-0"]
[WhiteElo "1525"]
[BlackElo "1588"]
[Opening "Caro-Kann: advance variation"]
[ECO "B12"]
[Time "16:00:41"]
[TimeControl "2700+45"]

1. e4 c6 2. d4 d5 3. e5 Bf5 4. Nf3 e6 5. Bd3 Ne7 6. O-O Nd7 7. c3 Bxd3 8. Qxd3
Ng6 9. Re1 Be7 10. Be3 O-O 11. Nbd2 c5 12. Nf1 c4 13. Qc2 b5 14. b4 a5 15. a3
axb4 16. axb4 Qb6 17. Ra2 Qb7 18. Rea1 Nb6 19. Bd2 Rxa2 20. Rxa2 Ra8 21. g3 f6
22. exf6 Bxf6 23. Ng5 Rxa2 24. Qxa2 e5 25. dxe5 Nxe5 26. Bf4 Ng6 27. Bd2 Na4 28.
Qc2 d4 29. cxd4 Bxd4 30. Be3 Qd5 31. Qd2 h6 32. Nh3 Qf5 33. Qxd4 Qxh3 34. Qd5+
Kh7 35. Qxb5 Nb2 36. Bd2 Qg4 37. Ne3 Qe4 38. Qd5 Qxd5 39. Nxd5 Ne5 40. Kg2 Na4
41. b5 Nd7 42. Kf3 g5 43. Ke4 Kg6 44. Kd4 c3 45. Nxc3 Nxc3 46. Kxc3 Kf5 47. h4
Nc5 48. Be3 Nd7 49. hxg5 hxg5 50. b6 g4 51. b7 Ke4 52. Kb4 Kf3 53. Kb5 Ke4 54.
Kc6 Nb8+ 55. Kc7 Na6+ 56. Kc8 {Black resigns} 1-0

[Event "Team 45 45 League T59"]
[Site "Internet Chess Club"]
[Date "2014.01.17"]
[Round "8"]
[White "JeffH"]
[Black "ElMarginal"]
[Result "0-1"]
[WhiteElo "1547"]
[BlackElo "1529"]
[Opening "Sicilian defense"]
[ECO "B30"]
[Time "19:05:42"]
[TimeControl "2700+45"]

1. e4 c5 2. Nf3 Nc6 3. d3 d6 4. g3 Nf6 5. Bg2 Bg4 6. O-O Qc8 7. Nbd2 Nd4 8. c3
Nxf3+ 9. Nxf3 e5 10. Re1 Be7 11. Qb3 O-O 12. Bg5 h6 13. Bxf6 Bxf6 14. Rac1 Rb8
15. a4 a6 16. Nd2 Bg5 17. Qc2 b5 18. axb5 axb5 19. Rb1 b4 20. c4 Ra8 21. Ra1 Qc7
22. Nb3 Rxa1 23. Rxa1 f5 24. f3 Bh5 25. exf5 Be8 26. g4 Qe7 27. Nd2 Bf4 28. Ne4
Bc6 29. Qe2 Rd8 30. Nf2 Qh4 31. Nh3 Re8 32. Ra6 Bd7 33. Rxd6 Qe7 34. Ra6 Bc8 35.
Ra8 Qb7 36. Ra1 Qd7 37. Qf2 Qxd3 38. Nxf4 exf4 39. Bf1 Qd6 40. Ra5 Re5 41. b3
Re3 42. h4 Qb6 43. Ra8 Qb7 44. Ra5 Qc7 45. Ra8 Rxb3 46. Qd2 Re3 47. Qd5+ Kh7 48.
f6 Be6 49. Bd3+ g6 50. Qd8 Qxd8 51. Rxd8 b3 52. Rb8 Rxd3 {White resigns} 0-1

[Event "Team 45 45 League T59"]
[Site "Internet Chess Club"]
[Date "2014.01.21"]
[Round "8"]
[White "latayvia"]
[Black "AVEMARIA"]
[Result "1/2-1/2"]
[WhiteElo "1599"]
[BlackElo "1632"]
[Opening "QGD Slav: Dutch variation"]
[ECO "D18"]
[Time "17:00:50"]
[TimeControl "2700+45"]

1. d4 d5 2. c4 c6 3. Nf3 Nf6 4. Nc3 dxc4 5. a4 Bf5 6. e3 e6 7. Bxc4 Bb4 8. O-O
O-O 9. Nh4 Bg4 10. f3 Bh5 11. g4 Bg6 12. e4 Nxe4 13. Nxg6 Nxc3 14. bxc3 Bxc3 15.
Nxf8 Bxa1 16. Be3 Bxd4 17. Qxd4 Qxd4 18. Bxd4 Kxf8 19. Bc5+ Ke8 20. Rd1 Nd7 21.
Be3 Nb6 22. Bb3 Rd8 23. Bxb6 Rxd1+ 24. Bxd1 axb6 25. Kf2 Ke7 26. Ke3 Kd6 27. Kd4
f6 28. Bc2 h6 29. f4 g5 30. f5 e5+ 31. Kc4 Kc7 32. Be4 {Game drawn by mutual
agreement} 1/2-1/2

[Event "Team 45 45 League T59"]
[Site "Internet Chess Club"]
[Date "2014.01.16"]
[Round "8"]
[White "Egmont"]
[Black "misuc56"]
[Result "1-0"]
[WhiteElo "1806"]
[BlackElo "1858"]
[Opening "Queen's pawn, Mason variation"]
[ECO "D00"]
[Time "09:00:04"]
[TimeControl "2700+45"]

1. d4 d5 2. Bf4 e6 3. e3 c6 4. c3 f5 5. Nf3 Nf6 6. Nbd2 Bd6 7. Bxd6 Qxd6 8. Ne5
O-O 9. Ndf3 Nbd7 10. Bd3 a6 11. a4 c5 12. O-O c4 13. Be2 Ne4 14. Qc2 Ndf6 15. h3
Bd7 16. Nxd7 Nxd7 17. Nd2 b5 18. axb5 axb5 19. Nxe4 fxe4 20. b4 Nb6 21. f4 exf3
22. Bxf3 g6 23. e4 Qg3 24. exd5 Rxa1 25. Rxa1 Rxf3 26. Qe4 Rf6 27. dxe6 Qf2+ 28.
Kh1 Qf5 29. Ra8+ Nxa8 30. Qxa8+ Rf8 31. Qc6 Qf1+ 32. Kh2 Qf4+ 33. Kh1 Qb8 34.
Kg1 Re8 35. d5 Re7 36. Qc5 Ra7 37. d6 Ra1+ 38. Kf2 Qf8+ 39. Kg3 Rf1 40. Qd4 Re1
41. d7 Qd8 42. Qd5 Re3+ 43. Kf4 Qf6+ 44. Kxe3 Qxc3+ 45. Kf2 Qb2+ 46. Ke1 Qxb4+
47. Qd2 Qb1+ 48. Kf2 Qf5+ 49. Kg1 Qc5+ 50. Kh1 c3 51. d8=Q+ Kg7 52. Q2d4+ {Black
resigns} 1-0

[Event "Team 45 45 League T59"]
[Site "Internet Chess Club"]
[Date "2014.01.17"]
[Round "8"]
[White "WOLFSPELZ"]
[Black "Kingofknights"]
[Result "1-0"]
[WhiteElo "1575"]
[BlackElo "1753"]
[Opening "QGD Slav: Dutch variation"]
[ECO "D18"]
[Time "14:30:10"]
[TimeControl "2700+45"]

1. d4 d5 2. c4 c6 3. Nf3 Nf6 4. Nc3 dxc4 5. a4 Bf5 6. e3 Bd3 7. Bxd3 cxd3 8.
Qxd3 e6 9. O-O Na6 10. Qc4 Rc8 11. e4 Be7 12. Bg5 Nd7 13. Bxe7 Qxe7 14. a5 O-O
15. e5 Nb4 16. Ne4 Nd5 17. Nc5 Nxc5 18. dxc5 f6 19. a6 b5 20. cxb6 Nxb6 21. exf6
Rxf6 22. Qc2 c5 23. Rfe1 Qc7 24. Ng5 Rh6 25. h3 e5 26. Qe4 Nd7 27. Qd5+ Kf8 28.
Qf7# {Black checkmated} 1-0

[Event "Team 45 45 League T59"]
[Site "Internet Chess Club"]
[Date "2014.01.20"]
[Round "8"]
[White "whiskeytown"]
[Black "supermessi"]
[Result "0-1"]
[WhiteElo "1547"]
[BlackElo "1562"]
[Opening "Sicilian: Nimzovich-Rossolimo attack (without ...d6)"]
[ECO "B30"]
[Time "15:33:15"]
[TimeControl "2700+45"]

1. e4 c5 2. Nf3 Nc6 3. Bb5 d6 4. O-O Bd7 5. Re1 a6 6. Bxc6 Bxc6 7. c3 Qc7 8. d4
cxd4 9. cxd4 e5 10. Nc3 Nf6 11. Bg5 Be7 12. Rc1 Qa5 13. Bd2 exd4 14. Nxd4 Qe5
15. Nxc6 bxc6 16. f4 Qd4+ 17. Be3 Qb4 18. Qc2 O-O 19. a3 Qb7 20. Bd4 c5 21. Bxf6
Bxf6 22. Kh1 Bd4 23. Nd5 Qxb2 24. Ne7+ Kh8 25. Qd3 Qb7 26. Nf5 d5 27. Nxd4 cxd4
28. Qxd4 dxe4 29. Qxe4 Qb2 30. Qe7 Qd2 31. g3 Kg8 32. Rcd1 Qc2 33. Rd7 Qc6+ 34.
Kg1 Qb6+ 35. Kg2 Rac8 36. Rd6 Qb2+ 37. Kh3 Qxa3 38. Qd7 Ra8 39. Re7 Qb3 40. Qf5
a5 41. Rdd7 a4 42. Rb7 Qa2 43. Qe4 a3 44. Ra7 Rxa7 45. Rxa7 Qa1 46. Qa4 Qf1+ 47.
Kg4 f5+ 48. Kh4 Qg2 49. h3 Qf3 50. Qxa3 Qc6 51. Ra6 Qd7 52. Qa2+ Kh8 53. Qe6
Qd8+ 54. Kh5 Rf6 55. Qxf6 gxf6 56. Rxf6 Qxf6 57. g4 fxg4 {White resigns} 0-1

[Event "Team 45 45 League T59"]
[Site "Internet Chess Club"]
[Date "2014.01.18"]
[Round "8"]
[White "MateMaster"]
[Black "pcvan"]
[Result "0-1"]
[WhiteElo "1534"]
[BlackElo "1455"]
[Opening "French: Winawer (Nimzovich) variation"]
[ECO "C15"]
[Time "09:32:50"]
[TimeControl "2700+45"]

1. e4 e6 2. d4 d5 3. Nc3 Bb4 4. f3 Nf6 5. e5 Nfd7 6. g3 c5 7. Ne2 cxd4 8. Nxd4
Bxc3+ 9. bxc3 Nxe5 10. Bg2 Nbc6 11. O-O Bd7 12. f4 Nc4 13. Re1 Qa5 14. Qd3 O-O
15. Nxc6 Bxc6 16. f5 Qc5+ 17. Kh1 Rae8 18. fxe6 fxe6 19. Bf4 e5 20. Be3 Nxe3 21.
Rxe3 e4 22. Qd2 Rf6 23. Rae1 Qc4 24. a3 Ref8 25. Qe2 Bb5 26. Qxc4 Bxc4 27. Kg1
Rf2 28. Rc1 Re2 29. Rxe2 Bxe2 30. Re1 Bf3 31. Bxf3 Rxf3 32. c4 dxc4 33. Rxe4 Rc3
34. Re7 b5 35. Rxa7 Rxc2 36. Rc7 Ra2 37. Rc5 Rxa3 38. Rxb5 c3 39. Rc5 Kf7 40.
Kf2 Ke6 41. Ke2 Kd6 42. Rc4 Kd5 43. Kd3 c2+ 44. Kxc2 Kxc4 45. Kb2 Rf3 46. h3
Rxg3 47. h4 Rh3 48. h5 Rxh5 49. Ka2 Rb5 50. Ka1 Kd3 51. Ka2 Kc3 52. Ka3 {White
resigns} 0-1

[Event "Team 45 45 League T59"]
[Site "Internet Chess Club"]
[Date "2014.01.20"]
[Round "8"]
[White "ChessMaine"]
[Black "Elton2013"]
[Result "1-0"]
[WhiteElo "1477"]
[BlackElo "1469"]
[Opening "King's Indian: Torre attack"]
[ECO "A48"]
[Time "18:12:06"]
[TimeControl "2700+45"]

1. d4 Nf6 2. Nf3 g6 3. Bg5 Bg7 4. e3 O-O 5. Bd3 d5 6. Nbd2 c6 7. O-O h6 8. Bxf6
Bxf6 9. c3 Nd7 10. e4 e5 11. Re1 Re8 12. dxe5 Nxe5 13. Nxe5 Bxe5 14. Nf3 Bg7 15.
exd5 cxd5 16. Rxe8+ Qxe8 17. Qb3 Qc6 18. Re1 Be6 19. Ne5 Bxe5 20. Rxe5 b6 21.
Qb4 Qc7 22. f4 g5 23. Qd4 Qd8 24. f5 Bc8 25. Rxd5 Bd7 26. Rxd7 Qe8 27. Kf2 f6
28. Bc4+ Kh8 29. Qxf6# {Black checkmated} 1-0

[Event "Team 45 45 League T59"]
[Site "Internet Chess Club"]
[Date "2014.01.18"]
[Round "8"]
[White "ethan0627"]
[Black "Visin"]
[Result "0-1"]
[WhiteElo "1353"]
[BlackElo "1359"]
[Opening "Four knights: Scotch, 4...exd4"]
[ECO "C47"]
[Time "10:00:34"]
[TimeControl "2700+45"]

1. e4 e5 2. Nf3 Nc6 3. Nc3 Nf6 4. d4 exd4 5. Nxd4 d6 6. Bd3 Nxd4 7. O-O Be7 8.
Be3 Nc6 9. Qe2 Ne5 10. Rad1 O-O 11. a3 c6 12. Bf4 Qc7 13. Qe3 Nxd3 14. Rxd3 Be6
15. Rfd1 Rfd8 16. Qd2 Ne8 17. Qe2 Bc4 18. Qe3 Bxd3 19. Qxd3 Bf6 20. h3 Bxc3 21.
Qxc3 Nf6 22. Qd3 Qb6 23. b3 d5 {White resigns} 0-1

[Event "Team 45 45 League T59"]
[Site "Internet Chess Club"]
[Date "2014.01.20"]
[Round "8"]
[White "losscause"]
[Black "Electryon"]
[Result "1-0"]
[WhiteElo "1603"]
[BlackElo "1541"]
[Opening "Sicilian defense"]
[ECO "B30"]
[Time "20:01:06"]
[TimeControl "2700+45"]

1. e4 c5 2. Nf3 Nc6 3. d3 e5 4. g3 g6 5. Bg2 Bg7 6. O-O Nge7 7. Bg5 h6 8. Bd2
O-O 9. c3 d5 10. exd5 Nxd5 11. Qc1 Kh7 12. Na3 Bf5 13. Ne1 Qd7 14. f4 Bh3 15.
fxe5 Bxg2 16. Nxg2 Nxe5 17. Nf4 Nxf4 18. Bxf4 Qxd3 19. Bxe5 Bxe5 20. Qc2 Qd5 21.
Qb3 Qd7 22. Rad1 Qe7 23. Rf3 b6 24. Nc2 Kg7 25. Qa4 Rad8 26. Rfd3 Rxd3 27. Rxd3
Rd8 28. Qa6 Rxd3 29. Qxd3 Qb7 30. Ne1 Bf6 31. Qe2 Qc6 32. a3 c4 33. Nf3 a5 34.
Kf1 b5 35. Kf2 Bd8 36. Kg1 Bb6+ 37. Kg2 Qc5 38. Nd4 Qd5+ 39. Nf3 Qc5 40. Nd4 Bd8
41. Nf3 Bf6 42. Kf1 b4 43. axb4 axb4 44. Nd2 bxc3 45. bxc3 Bxc3 46. Nxc4 Qf5+
47. Kg2 Qd5+ 48. Kh3 Qf5+ 49. Kg2 Qd5+ 50. Kh3 Qh5+ 51. Qxh5 gxh5 52. Ne3 Kg6
53. Kh4 Bf6+ 54. Kh3 Kg5 55. Ng2 Bc3 56. Nh4 Be1 57. Nf3+ Kg6 58. Nxe1 f5 59.
Kh4 {Black forfeits on time} 1-0

[Event "Team 45 45 League T59"]
[Site "Internet Chess Club"]
[Date "2014.01.17"]
[Round "8"]
[White "seattleblues"]
[Black "TwinsburgOHUSA"]
[Result "1/2-1/2"]
[WhiteElo "1519"]
[BlackElo "1509"]
[Opening "Queen's pawn"]
[ECO "A40"]
[Time "21:43:27"]
[TimeControl "2700+45"]

1. d4 e6 2. Bf4 g5 3. Bg3 h5 4. h3 h4 5. Bh2 Nf6 6. e3 c5 7. c3 Qb6 8. Qb3 Nc6
9. Nd2 d6 10. Bb5 Bd7 11. Nc4 Qc7 12. dxc5 Ne4 13. cxd6 Bxd6 14. Nxd6+ Nxd6 15.
Rd1 e5 16. Be2 Be6 17. Qc2 O-O-O 18. Nf3 f6 19. Nd2 Bf5 20. Qc1 Rhg8 21. f3 Qb6
22. e4 Be6 23. Bg1 Qc7 24. Nb3 b6 25. Ba6+ Kb8 26. Nd2 Bc8 27. Bxc8 Qxc8 28. Bf2
Qa6 29. Qb1 Ne7 30. b3 Ng6 31. Be3 Nb5 32. Qb2 Na3 33. c4 Rd3 34. Ke2 Rgd8 35.
Rhe1 Nf4+ 36. Bxf4 gxf4 37. Kf2 b5 38. cxb5 Qb6+ 39. Kf1 Nxb5 40. Nc4 Qc7 41.
Rxd3 Rxd3 42. Qc2 Qd7 43. Kg1 Qd4+ 44. Kh1 Nc3 45. Na5 Qd6 {Game drawn by mutual
agreement} 1/2-1/2

[Event "Team 45 45 League T59"]
[Site "Internet Chess Club"]
[Date "2014.01.16"]
[Round "8"]
[White "g8wrb"]
[Black "akshayk06"]
[Result "1-0"]
[WhiteElo "1462"]
[BlackElo "1513"]
[Opening "Ruy Lopez: Steinitz defense deferred (Russian defense)"]
[ECO "C79"]
[Time "12:00:15"]
[TimeControl "2700+45"]

1. e4 e5 2. Nf3 Nc6 3. Bb5 a6 4. Ba4 d6 5. O-O Nf6 6. Qe2 Be7 7. Rd1 b5 8. Bb3
Bg4 9. c3 O-O 10. d4 exd4 11. cxd4 Qc8 12. Bf4 Re8 13. Nc3 Na5 14. Bc2 c5 15.
Rac1 c4 16. h3 Bh5 17. Qe3 Bg6 18. Nh4 Bh5 19. Nf3 b4 20. Ne2 h6 21. Ng3 Bg6 22.
Nh4 Bh7 23. Nhf5 Bf8 24. Ba4 Re6 25. d5 Rxe4 26. Nxe4 Nxe4 27. Ng3 Nf6 28. Qb6
Nb7 29. Bc6 Rb8 30. Qxa6 Nc5 31. Qxc4 Qd8 32. Qe2 Qe7 33. Qxe7 Bxe7 34. Rxc5
{Black resigns} 1-0

[Event "Team 45 45 League T59"]
[Site "Internet Chess Club"]
[Date "2014.01.19"]
[Round "8"]
[White "Conjurer"]
[Black "JohLeb"]
[Result "1-0"]
[WhiteElo "1263"]
[BlackElo "1343"]
[Opening "English: Sicilian reversed"]
[ECO "A25"]
[Time "13:08:24"]
[TimeControl "2700+45"]

1. c4 e5 2. Nc3 Nc6 3. g3 Nf6 4. Bg2 d6 5. Nf3 Be6 6. b3 Be7 7. d4 Bf5 8. O-O
Rb8 9. Bb2 Nb4 10. dxe5 dxe5 11. Nxe5 Nc2 12. Rc1 Qxd1 13. Rfxd1 Bc5 14. Kf1 O-O
15. Nd3 Bxd3 16. Rxd3 Nb4 17. Rd2 Ng4 18. Ne4 Nxf2 19. Nxc5 Nxa2 20. Kxf2 Nxc1
21. Bxc1 Rfe8 22. Rd7 b6 23. Na6 Rbd8 24. Rxd8 Rxd8 25. Nxc7 Rd1 26. Be3 Rb1 27.
Nb5 Rxb3 28. Nxa7 Rb4 29. Bd5 {Black resigns} 1-0